 Dungeon Crawl Stone Soup version 0.29-a0-234-g0dae59b3db (webtiles) character file.

Game seed: 13643540256464335719

156787 jfcaron the End of an Era (level 17, -5/140 HPs)
             Began as a Demonspawn Fighter on Mar 3, 2022.
             Was the Champion of Qazlal.
             Slain by a vampire knight
             ... wielding a +0 glaive
              (18 damage)
             ... while paralysed by a vampire knight
             ... on level 4 of the Swamp on Mar 4, 2022.
             The game lasted 01:46:35 (28979 turns).

jfcaron the End of an Era (Demonspawn Fighter)     Turns: 28979, Time: 01:46:36

Health: -5/140     AC: 33    Str: 23    XL:     17   Next: 11%
Magic:  0/29       EV:  2    Int: 11    God:    Qazlal [******]
Gold:   1461       SH:  0    Dex: 15    Spells: 16/16 levels left

rFire   + + +      SeeInvis +   a - +3 broad axe of Fatuago {spect, rF++ SInv}
rCold   . . .      Faith    .   j - +0 tower shield
rNeg    . . .      Spirit   +   p - +0 plate armour
rPois   .          Reflect  .   (helmet unavailable)
rElec   .          Harm     .   k - +1 cloak
rCorr   +          Rampage  .   K - +0 pair of gloves of the Guild-Master {Fly Int+2}
Will    +....                   c - +0 pair of boots
Stlth   ..........              h - amulet of regeneration
HPRegen 1.13/turn               J - ring of resist corrosion
MPRegen 0.42/turn               I - ring of protection from fire

@: paralysed, protected from physical damage, sanguine armoured, flying, repel
missiles
A: antennae 3, powered by pain 3, magic shield, magic regeneration, sanguine
armour 2
a: Renounce Religion, Upheaval, Elemental Force, Disaster Area


You were on level 4 of the Swamp.
You worshipped Qazlal.
Qazlal was exalted by your worship.
You visited 5 branches of the dungeon, and saw 28 of its levels.
You also visited: Bailey.

You collected 2957 gold pieces.
You spent 1496 gold pieces at shops.

Inventory:

Hand Weapons
 a - the +3 broad axe of Fatuago (weapon) {spect, rF++ SInv}
   (You found it on level 3 of the Swamp)

   When its wielder attacks, the weapon's spirit leaps out and strikes again.
   The spirit shares a part of any damage it takes with its wielder.
   rF:        It greatly protects you from fire.
   SInv:      It lets you see invisible.
 b - the +9 trident "Dragonslayer" {venom, rC+}
   (You found it on level 3 of the Lair of Beasts)

   It poisons the flesh of those it strikes.
   rC:        It protects you from cold.
Missiles
 i - 34 poisoned darts
 s - 4 throwing nets {!f}
 P - 8 curare-tipped darts {!f}
Armour
 c - a +0 pair of boots (worn)
 j - a +0 tower shield (worn)
 k - a +1 cloak (worn)
 p - a +0 plate armour (worn)
 K - the +0 pair of gloves of the Guild-Master (worn) {Fly Int+2}
   (You found it in a bailey)

   Int:       It affects your intelligence (+2).
   Fly:       It grants you flight.
Magical Staves
 d - a staff of poison
 Z - a staff of air
Jewellery
 h - an amulet of regeneration (around neck)
 I - a ring of protection from fire (right hand)
 J - a ring of resist corrosion (left hand)
 U - a ring of willpower
Wands
 r - a wand of iceblast (18)
 D - a wand of mindburst (18)
 E - a wand of flame (28)
 H - a wand of paralysis (17)
 S - a wand of acid (24)
 Y - a wand of polymorph (7)
Scrolls
 v - a scroll of fog
 F - 5 scrolls of vulnerability
 G - 3 scrolls of blinking
 M - 5 scrolls of magic mapping
 T - 4 scrolls of fear
 W - a scroll of holy word
 X - 11 scrolls of teleportation
Potions
 f - 11 potions of curing
 l - 6 potions of cancellation
 o - a potion of lignification
 q - 3 potions of resistance
 t - 5 potions of attraction
 w - 6 potions of mutation
 x - 2 potions of might
 y - 2 potions of invisibility
 B - 2 potions of heal wounds
 C - 4 potions of brilliance
 L - 2 potions of magic
 O - 3 potions of ambrosia
Miscellaneous
 m - a lightning rod (4/4)
 u - a box of beasts
 A - a tin of tremorstones (2/2)
 Q - a condenser vane
 V - a phantom mirror


   Skills:
 * Level 14.6 Fighting
 * Level 13.2 Axes
 * Level 13.4 Armour
 * Level 13.4 Shields
 * Level 16.9 Invocations
 + Level 6.7 Evocations


You had 16 spell levels left.
You didn't know any spells.
Your spell library contained the following spells:

 Spells                   Type           Power      Damage    Failure   Level
 Magic Dart               Conj           0%         1d3       100%        1
 Pain                     Necr           0%         1d4       100%        1
 Sandblast                Erth           0%         2d4       100%        1
 Blink                    Tloc           0%         N/A       100%        2
 Call Imp                 Summ           0%         N/A       100%        2
 Passwall                 Tmut/Erth      0%         N/A       100%        2
 Searing Ray              Conj           0%         2d4       100%        2
 Static Discharge         Conj/Air       0%         N/A       100%        2
 Call Canine Familiar     Summ           0%         N/A       100%        3
 Conjure Flame            Conj/Fire      0%         6-21      100%        3
 Ignite Poison            Fire/Tmut/Pois 0%         N/A       100%        3
 Lesser Beckoning         Tloc           0%         N/A       100%        3
 Mephitic Cloud           Conj/Pois/Air  0%         N/A       100%        3
 Ozocubu's Armour         Ice            0%         N/A       100%        3
 Portal Projectile        Hex/Tloc       0%         N/A       100%        3
 Stone Arrow              Conj/Erth      0%         3d7       100%        3
 Tukima's Dance           Hex            0%         N/A       100%        3
 Airstrike                Air            0%         N/A       100%        4
 Anguish                  Hex/Necr       0%         N/A       100%        4
 Fulminant Prism          Conj/Hex       0%         3d6       100%        4
 Hailstorm                Conj/Ice       0%         3d3       100%        4
 Ice Form                 Ice/Tmut       0%         N/A       100%        4
 Leda's Liquefaction      Hex/Erth       0%         N/A       100%        4
 Olgreb's Toxic Radiance  Pois           0%         N/A       100%        4
 Sticky Flame             Conj/Fire      0%         2d3       100%        4
 Summon Lightning Spire   Summ/Air       0%         N/A       100%        4
 Agony                    Necr           0%         N/A       100%        5
 Blade Hands              Tmut           0%         N/A       100%        5
 Excruciating Wounds      Necr           0%         N/A       100%        5
 Lightning Bolt           Conj/Air       0%         1d11      100%        5
 Manifold Assault         Tloc           0%         N/A       100%        5
 Metabolic Englaciation   Hex/Ice        0%         N/A       100%        5
 Simulacrum               Ice/Necr       0%         N/A       100%        6
 Enfeeble                 Hex            0%         N/A       100%        7
 Maxwell's Capacitive Co  Air            0%         ∞         100%        8


Dungeon Overview and Level Annotations

Branches:
Dungeon (15/15)            Temple (1/1) D:6            Lair (6/6) D:9
  Swamp (4/4) Lair:2        Snake (0/4) Lair:2        Slime (0/5) Lair:5
    Orc (2/2) D:10            Elf (0/3) Orc:2        Vaults (0/5) D:13
 Depths (0/4) D:15         Bailey (visited)

Altars:
Ashenzari
Cheibriados
Dithmenos
Elyvilon
Fedhas
Gozag
Hepliaklqana
Kikubaaqudgha
Makhleb
Nemelex Xobeh
Okawaru
Qazlal
Ru
Sif Muna
Trog
Uskayaw
Vehumet
Wu Jian
Xom
Yredelemnul
Zin
The Shining One
Beogh
Jiyva

Shops:
D:2 *   Orc:2 ??[

Annotations:
Lair:5 1 runed translucent door (2 acid blobs for Slime entrance)
Swamp:3 3 runed translucent doors, Fakli's ghost, journeyman DrWn; contendunt's ghost, adept MiFi
Swamp:4 Roxanne


Innate Abilities, Weirdness & Mutations

You have a pair of large antennae on your head. (SInv)
You are powered by pain.
When hurt, damage is shared between your health and your magic reserves.
You regenerate magic rapidly.
When seriously injured, your blood forms thick armour. (AC +9)


Message History

The vampire knight draws life force from you!
The vampire knight is healed by the life force!
The spectral four-headed hydra bites you but does no damage.
The spectral four-headed hydra barely misses you.
The spectral four-headed hydra bites you but does no damage. x2
You feel sick.
The vampire knight hits you with a +0 glaive!
You feel more protected from physical attacks.
The vampire knight bites you but does no damage.
The spectral four-headed hydra bites you.
* * * LOW HITPOINT WARNING * * *
The spectral four-headed hydra bites you but does no damage. x3
The vampire knight hits you with a +0 glaive!
* * * LOW HITPOINT WARNING * * *
You feel more protected from physical attacks.
The vampire knight bites you!
* * * LOW HITPOINT WARNING * * *
The vampire knight draws strength from your injuries!
The four-headed hydra simulacrum bites you but does no damage. x4
You feel sick.
You are no longer poisoned.
The vampire knight hits you with a +0 glaive!
* * * LOW HITPOINT WARNING * * *
You feel more protected from physical attacks.
The vampire knight bites you but does no damage.
The spectral four-headed hydra bites you but does no damage. x2
The spectral four-headed hydra bites you!
* * * LOW HITPOINT WARNING * * *
The spectral four-headed hydra bites you but does no damage.
The four-headed hydra simulacrum bites you but does no damage. x4
The vampire knight hits you but does no damage.
The vampire knight bites you.
* * * LOW HITPOINT WARNING * * *
The vampire knight draws strength from your injuries!
The spectral four-headed hydra bites you but does no damage.
The spectral four-headed hydra bites you.
* * * LOW HITPOINT WARNING * * *
The spectral four-headed hydra bites you but does no damage. x2
The vampire knight hits you with a +0 glaive!!
You die...

♣♣...♣♣ { #♣♣≈≈≈.♣♣♣♣♣♣♣
{{ ##§.♣≈≈≈≈.♣♣..≈♣ {{{
##≈≈.♣.≈≈≈≈♣♣≈≈.≈ {{{
#♣... ♣.≈≈≈.♣♣...≈ { {
♣♣...♣ ♣≈≈≈≈≈♣♣♣≈.. {
#≈°○.♣♣♣.§≈≈≈♣ ♣..≈ ≈ {{
♣○≈≈☼†..≈§≈≈.♣♣♣†≈≈ ♣.{
#♣♣°@V♣.≈..≈≈≈.♣♣.≈≈.
...###°♣ZZ≈♣♣♣♣♣...≈≈.≈≈≈≈
...{.{≈☼W°♣♣ ♣♣.♣≈≈≈≈.≈≈
.≈..≈..♣.♣♣ ♣♣♣≈≈≈≈..≈
..≈...≈≈≈.♣ ♣.§§≈≈≈≈
≈.≈♣...§≈♣♣ ♣♣≈≈≈≈≈.
≈.≈..≈≈≈♣♣ ♣≈≈≈≈.♣♣
.....≈≈♣♣ ♣♣♣≈♣♣♣ .≈..≈♣♣
♣♣♣


You could see a vampire knight (fast, invisible), a freezing wraith, a spectral
four-headed hydra and a four-headed hydra simulacrum.

Vanquished Creatures
  Kirke (Lair:5)
  An ironbound preserver (D:13)
  A ghoul (Swamp:1)
  Nessos (D:14)
  3 eleionomae
  5 bunyips
  An ettin (Orc:1)
  A great orb of eyes (D:15)
  Josephine (Lair:5)
  Fannar (D:9)
  Harold (D:8)
  7 boulder beetles
  10 centaur warriors
  A ghost crab (Swamp:2)
  22 hydras
  2 catoblepae
  Erica (D:10)
  A death knight (D:14)
  8 alligators
  4 two-headed ogres
  Urug (D:12)
  A tengu warrior (D:13)
  4 death yaks
  6 orc high priests (Orc:2)
  Sonja (Lair:1)
  A deep elf knight (D:14)
  Amaemon (D:8)
  3 skeletal warriors (D:15)
  4 goliath frogs
  6 swamp dragons
  2 spriggan druids
  A lindwurm (Lair:6)
  A spectral hydra (Swamp:4)
  10 bog bodies
  4 deep elf pyromancers
  Pikel (D:3)
  3 oklob plants
  An orc knight (Orc:2)
  18 ugly things
  A cyclops (D:14)
  2 wolf spiders
  A manticore (D:12)
  A salamander (D:15)
  A salamander (shapeshifter) (D:14)
  2 will-o-the-wisps (Swamp:4)
  Maurice (D:8)
  33 elephants
  8 black mambas
  15 cane toads
  4 torpor snails
  An orange demon (D:8)
  An unseen horror (D:11)
  A gargoyle (D:11)
  A rime drake (shapeshifter) (D:14)
  Psyche (D:9)
  A yaktaur (D:14)
  5 kobold demonologists
  4 rime drakes
  2 freezing wraiths
  12 komodo dragons
  3 efreet
  Grinder (D:6)
  A hydra zombie (Swamp:4)
  A bloated husk (Swamp:1)
  4 trolls
  8 polar bears
  A wolf spider simulacrum (D:15)
  A death drake zombie (Swamp:4)
  9 hornets
  A raiju (shapeshifter) (D:14)
  Prince Ribbit (D:6)
  19 slime creatures
  17 dream sheep
  10 blink frogs
  6 tyrant leeches
  17 spriggans
  3 shadows
  3 centaur simulacra
  A water elemental (D:15)
  38 yaks
  A vampire (D:9)
  A hog (shapeshifter) (D:14)
  A human (Lair:5)
  3 wraiths (Lair:5)
  4 wyverns
  Grum (Bailey)
  2 basilisks (Lair:2)
  2 hogs (Lair:5)
  3 steam dragons (D:7)
  16 vampire mosquitoes
  A redback simulacrum (D:15)
  Menkaure (D:5)
  4 nagas
  11 wargs
  15 swamp worms
  3 acid dragons
  19 water moccasins
  A floating eye (shapeshifter) (D:15)
  3 swamp drakes
  A meliai simulacrum (D:15)
  An ice beast (D:15)
  14 orc warriors
  3 sky beasts
  4 black bears
  9 ogres
  16 boggarts
  13 centaurs
  36 wolves
  A phantom (D:10)
  6 kobold brigands
  10 bullfrogs
  Blork the orc (D:6)
  7 gnoll sergeants
  4 necrophages (Swamp:1)
  2 scorpions
  A hornet simulacrum (D:15)
  A troll zombie (D:10)
  14 killer bees
  A vampire bat (Orc:2)
  An electric eel (D:15)
  7 howler monkeys
  7 hounds
  5 jellies
  38 orc priests
  6 gnoll shamans
  An iguana (D:4)
  18 orc wizards
  A killer bee zombie (D:5)
  5 ogre zombies (D:10)
  28 gnolls
  9 adders
  A shadow imp (D:4)
  7 white imps
  An ufetubus (D:15)
  An adder zombie (D:5)
  A worm (D:2)
  A dart slug (D:1)
  80 orcs
  11 bats
  19 endoplasms
  2 giant cockroaches (D:2)
  3 hobgoblins
  21 kobolds
  4 quokkas
  11 ball pythons
  8 frilled lizards
  9 goblins
  2 goblin skeletons (D:10)
  3 goblin zombies (D:10)
  A hobgoblin skeleton (D:10)
  4 hobgoblin zombies (D:10)
  2 orc skeletons (D:10)
  7 orc zombies (D:10)
  4 rats
  10 foxfires (Swamp:4)
  39 fungi
  37 plants
1037 creatures vanquished.

Notes
Turn   | Place    | Note
-------+----------+-------------------------------------------
     0 | D:1      | jfcaron the Demonspawn Fighter began the quest for the Orb.
     0 | D:1      | Reached XP level 1. HP: 18/18 MP: 1/1
   352 | D:1      | Gained mutation: When seriously injured, your blood forms
                  | armour. (AC +9) [demonic ancestry]
   352 | D:1      | Reached XP level 2. HP: 24/24 MP: 2/2
   562 | D:1      | Found a faded altar of an unknown god.
   562 | D:1      | Noticed a crimson imp
   794 | D:2      | Gained mutation: You regenerate magic rapidly. [demonic
                  | ancestry]
   794 | D:2      | Reached XP level 3. HP: 26/29 MP: 3/3
   833 | D:2      | Found Rinaerchu's Assorted Antiques.
   841 | D:2      | Bought a scroll labelled QUMEZA QOCOLU for 24 gold pieces
   937 | D:1      | Reached XP level 4. HP: 27/35 MP: 4/4
  1018 | D:2      | Bought a scroll labelled SINKUE JIREONO for 24 gold pieces
  1431 | D:3      | Found a large runed translucent door.
  1436 | D:3      | Found a large runed translucent door.
  1521 | D:3      | Found a hazy altar of Hepliaklqana.
  1714 | D:3      | Found a hide-covered altar of Uskayaw.
  1940 | D:4      | Noticed a scorpion
  1949 | D:4      | Killed a scorpion
  1950 | D:4      | Gained mutation: You sometimes gain a little power by
                  | taking damage. [demonic ancestry]
  1950 | D:4      | Reached XP level 5. HP: 36/42 MP: 5/5
  2109 | D:4      | Noticed a lemure
  2109 | D:4      | Noticed a lemure
  2110 | D:4      | Noticed Pikel
  2110 | D:4      | Noticed a lemure
  2128 | D:4      | Noticed a lemure
  2163 | D:3      | Killed Pikel
  2164 | D:3      | Reached skill level 5 in Fighting
  2164 | D:3      | Reached XP level 6. HP: 18/51 MP: 6/6
  2164 | D:3      | Reached XP level 7. HP: 20/56 MP: 7/7
  2446 | D:4      | Found a sacrificial altar of Ru.
  2901 | D:5      | Entered Level 5 of the Dungeon
  3014 | D:5      | Reached skill level 5 in Shields
  3074 | D:5      | Reached skill level 5 in Armour
  3074 | D:5      | Gained mutation: When hurt, damage is shared between your
                  | health and your magic reserves. [demonic ancestry]
  3074 | D:5      | Reached XP level 8. HP: 41/63 MP: 8/8
  3396 | D:5      | Noticed Menkaure
  3425 | D:5      | Killed Menkaure
  3426 | D:5      | Reached skill level 5 in Axes
  3661 | D:5      | Found a basalt altar of Yredelemnul.
  3802 | D:6      | Noticed Blork the orc
  3823 | D:6      | Killed Blork the orc
  3946 | D:6      | Noticed Prince Ribbit
  3964 | D:6      | Killed Prince Ribbit
  3965 | D:6      | Gained mutation: When seriously injured, your blood forms
                  | thick armour. (AC +9) [demonic ancestry]
  3965 | D:6      | Reached XP level 9. HP: 54/71 MP: 7/9
  4052 | D:6      | Noticed Grinder
  4356 | D:6      | Found a staircase to the Ecumenical Temple.
  4374 | Temple   | Entered the Ecumenical Temple
  4534 | Temple   | Became a worshipper of Qazlal Stormbringer
  4674 | D:6      | Paralysed by Grinder for 7 turns
  4682 | D:6      | Killed Grinder
  5408 | D:2      | Bought a jewelled bone wand for 96 gold pieces
  5819 | D:7      | Found a bloodstained altar of Trog.
  5820 | D:7      | Found an iron altar of Okawaru.
  5888 | D:7      | Noticed a kobold demonologist
  5906 | D:7      | Killed a kobold demonologist
  6016 | D:7      | Gained mutation: You have a pair of small antennae on your
                  | head. [demonic ancestry]
  6016 | D:7      | Reached XP level 10. HP: 69/80 MP: 8/10
  6391 | D:3      | Found a shadowy altar of Dithmenos.
  6402 | D:3      | Found an opulent altar of Gozag.
  6404 | D:3      | Reached * piety under Qazlal
  6538 | D:8      | Found a sparkling altar of Nemelex Xobeh.
  6575 | D:8      | Found a blossoming altar of Fedhas.
  6593 | D:8      | Noticed Harold
  6607 | D:8      | Killed Harold
  6618 | D:8      | Noticed Maurice
  6633 | D:8      | Killed Maurice
  6839 | D:8      | Found a flagged portal.
  6839 | D:8      | Noticed an orange demon
  6839 | D:8      | Noticed Amaemon
  6850 | D:8      | Killed an orange demon
  6850 | D:8      | Killed Amaemon
  6873 | Bailey   | Entered a bailey
  7013 | Bailey   | Noticed Grum
  7065 | Bailey   | Killed Grum
  7187 | Bailey   | Reached ** piety under Qazlal
  7257 | Bailey   | Gained mutation: You have a pair of antennae on your head.
                  | [demonic ancestry]
  7257 | Bailey   | Reached XP level 11. HP: 81/89 MP: 8/11
  7373 | Bailey   | Identified the +0 pair of gloves of the Guild-Master {Fly
                  | Int+2}
  8518 | D:9      | HP: 17/89 [something (11)]
  8521 | D:9      | Reached skill level 1 in Invocations
  8669 | D:9      | Reached skill level 2 in Invocations
  8709 | D:9      | Found a staircase to the Lair.
  8871 | D:9      | Reached skill level 3 in Invocations
  9063 | D:9      | Noticed a sun demon
  9085 | D:9      | Reached skill level 4 in Invocations
  9087 | D:9      | Reached *** piety under Qazlal
  9094 | D:9      | Noticed Psyche
  9113 | D:9      | Killed Psyche
  9677 | D:10     | Entered Level 10 of the Dungeon
  9679 | D:10     | Found an ornate altar of the Wu Jian Council.
  9712 | D:10     | Noticed Fannar
  9849 | D:9      | HP: 17/89 [Fannar/refrigeration (12)]
 10042 | D:10     | Found a staircase to the Orcish Mines.
 10063 | D:10     | Reached skill level 5 in Invocations
 10147 | D:10     | Noticed Erica
 10162 | D:10     | HP: 16/89 [Erica/lance of force (2)]
 10178 | D:10     | Killed Erica
 10513 | D:10     | Noticed a two-headed ogre
 10530 | D:10     | Killed a two-headed ogre
 10602 | D:10     | Reached skill level 6 in Invocations
 10942 | Lair:1   | Entered Level 1 of the Lair of Beasts
 11095 | Lair:1   | Noticed a four-headed hydra
 11125 | Lair:1   | Killed a four-headed hydra
 11126 | Lair:1   | Reached skill level 10 in Fighting
 11126 | Lair:1   | Reached skill level 7 in Invocations
 11624 | Lair:1   | Reached XP level 12. HP: 77/97 MP: 17/17
 11750 | Lair:1   | Reached **** piety under Qazlal
 11759 | Lair:1   | Reached skill level 8 in Invocations
 11907 | Lair:1   | Noticed Sonja
 11911 | Lair:1   | Killed Sonja
 12131 | Lair:2   | Reached skill level 9 in Invocations
 12201 | Lair:2   | Found a staircase to the Snake Pit.
 12424 | Lair:2   | Noticed a six-headed hydra
 12455 | Lair:2   | Killed a six-headed hydra
 12456 | Lair:2   | Reached skill level 10 in Invocations
 12625 | Lair:2   | Noticed a boulder beetle
 12684 | Lair:2   | Killed a boulder beetle
 12713 | Lair:2   | Noticed a seven-headed hydra
 12743 | Lair:2   | Killed a seven-headed hydra
 12744 | Lair:2   | Reached skill level 10 in Shields
 12870 | Lair:2   | Found a staircase to the Swamp.
 12889 | Lair:2   | Reached skill level 10 in Armour
 12909 | Lair:2   | Reached XP level 13. HP: 97/105 MP: 21/21
 12919 | Lair:2   | Reached skill level 11 in Invocations
 13365 | Lair:2   | Identified the +3 short sword of Voxitiag {elec, rC+}
 14098 | Lair:3   | Identified the +9 trident "Dragonslayer" {venom, rC+}
 14530 | Lair:3   | HP: 20/106 [polar bear (10)]
 14532 | Lair:3   | Reached skill level 10 in Axes
 15021 | Lair:4   | Identified the +8 dagger of Terror {vorpal, *Rage rF+++
                  | Str+3 Int+4}
 15033 | Lair:4   | Reached skill level 12 in Invocations
 15141 | Lair:4   | Reached ***** piety under Qazlal
 15154 | Lair:4   | Reached skill level 1 in Evocations
 15358 | Lair:4   | Got The Foundations of Witchcraft
 15507 | Lair:4   | Found a runed translucent door.
 15829 | Lair:5   | Noticed Kirke
 15849 | Lair:5   | Killed Kirke
 16060 | Lair:5   | Noticed Josephine
 16071 | Lair:5   | Gained mutation: You have a pair of large antennae on your
                  | head. (SInv) [demonic ancestry]
 16071 | Lair:5   | Reached XP level 14. HP: 73/114 MP: 17/23
 16073 | Lair:5   | Killed Josephine
 16232 | Lair:5   | Reached skill level 13 in Invocations
 16454 | Lair:5   | Found a runed translucent door.
 16455 | Lair:5   | Found a viscous altar of Jiyva.
 16457 | Lair:5   | Noticed an acid blob
 16720 | Lair:5   | Noticed an acid blob
 16721 | Lair:5   | Found a staircase to the Slime Pits.
 16802 | Lair:6   | Entered Level 6 of the Lair of Beasts
 17251 | Lair:6   | Reached ****** piety under Qazlal
 17565 | Lair:6   | Reached skill level 14 in Invocations
 17699 | Lair:6   | Identified the +4 hand axe of Ferocious Optimality {venom,
                  | Int+2}
 18078 | Lair:6   | Found a bloodstained altar of Trog.
 18295 | D:9      | Killed Fannar
 18296 | D:9      | Gained mutation: You sometimes gain power by taking damage.
                  | [demonic ancestry]
 18296 | D:9      | Reached XP level 15. HP: 112/122 MP: 21/25
 19368 | Orc:1    | Entered Level 1 of the Orcish Mines
 19398 | Orc:2    | Entered Level 2 of the Orcish Mines
 20529 | Orc:2    | Found Cyruf's Magic Scroll Boutique.
 20529 | Orc:2    | Found Qumeuth's Magic Scroll Shoppe.
 20563 | Orc:2    | Found a staircase to the Elven Halls.
 20928 | Orc:2    | Found Omonezo's Antique Armour Boutique.
 20928 | Orc:2    | Found Cannufeh's Distillery.
 21092 | Orc:2    | Bought a scroll of fog for 30 gold pieces
 21109 | Orc:2    | Bought a scroll of magic mapping for 49 gold pieces
 21109 | Orc:2    | Bought a scroll of fear for 49 gold pieces
 21141 | Orc:2    | Bought a potion of ambrosia for 104 gold pieces
 21141 | Orc:2    | Bought a potion of invisibility for 104 gold pieces
 21173 | Orc:2    | Bought a scroll of identify for 28 gold pieces
 21176 | Orc:2    | Bought a scroll of teleportation for 42 gold pieces
 21176 | Orc:2    | Bought a scroll of vulnerability for 105 gold pieces
 21176 | Orc:2    | Bought a scroll of vulnerability for 105 gold pieces
 21185 | Orc:2    | Bought a scroll of vulnerability for 112 gold pieces
 21185 | Orc:2    | Bought a scroll of teleportation for 45 gold pieces
 21216 | Orc:2    | Bought a potion of might for 52 gold pieces
 21216 | Orc:2    | Bought a potion of cancellation for 104 gold pieces
 21216 | Orc:2    | Bought a potion of mutation for 104 gold pieces
 21216 | Orc:2    | Bought a potion of attraction for 39 gold pieces
 21225 | Orc:2    | Bought an embroidered scarf for 280 gold pieces
 21500 | D:12     | Noticed Urug
 21534 | D:12     | Killed Urug
 22403 | D:13     | Reached skill level 15 in Invocations
 22699 | D:13     | Reached skill level 5 in Evocations
 23425 | D:13     | Found a gate to the Vaults.
 23980 | D:14     | Reached XP level 16. HP: 93/131 MP: 23/27
 24006 | D:14     | HP: 20/132 [ten-headed hydra[a boggart] (7)]
 24326 | D:14     | Noticed Nessos
 24345 | D:14     | Killed Nessos
 24698 | D:14     | Got Zorikuocw's Catalogue of Toxins and Attacks
 24929 | D:15     | Entered Level 15 of the Dungeon
 25061 | D:15     | Found an ancient bone altar of Kikubaaqudgha.
 25299 | D:15     | Reached skill level 16 in Invocations
 25859 | D:15     | Found a staircase to the Depths.
 26518 | Swamp:1  | Entered Level 1 of the Swamp
 27953 | Swamp:2  | You are sucked into a shaft and drop 1 floor!
 28013 | Swamp:3  | Identified the +3 broad axe of Fatuago {spect, rF++ SInv}
 28338 | Swamp:3  | Found a runed translucent gate.
 28338 | Swamp:3  | Found a runed translucent gate.
 28338 | Swamp:3  | Found a runed translucent gate.
 28339 | Swamp:3  | Noticed contendunt's ghost (adept MiFi)
 28339 | Swamp:3  | Noticed Fakli's ghost (journeyman DrWn)
 28613 | Swamp:4  | Entered Level 4 of the Swamp
 28630 | Swamp:4  | Noticed Roxanne
 28766 | Swamp:4  | Gained mutation: You are powered by pain. [demonic
                  | ancestry]
 28766 | Swamp:4  | Reached XP level 17. HP: 115/140 MP: 23/29
 28975 | Swamp:4  | Paralysed by a vampire knight for 5 turns
 28977 | Swamp:4  | HP: 27/140 [vampire knight/+0 glaive (5)]
 28979 | Swamp:4  | HP: 13/140 [spectral four-headed hydra (1)]
 28979 | Swamp:4  | Slain by a vampire knight

Illustrated notes

Levels and vault maps discovered:
D:1:      onia_arrival_pyramid, layout_loops_ring,
          dreamdust_ecumenical_altar_sealed_demon, minmay_lizard_king
D:2:      layout_basic, serial_shops, nicolae_shop_overgrown_old_shop
D:3:      layout_basic, mainiacjoe_overflow_divided_tiny,
          nzn_hepliaklqana_mist_gate, jmf_multi_god_temple2
D:4:      layout_basic, nicolae_ru_path_of_blood, nicolae_elevator_lobby_plus,
          uniq_pikel
D:5:      layout_rooms, lemuel_zombie_altar_yredelemnul, uniq_menkaure
D:6:      layout_loops_ring, minmay_temple_entry_stoned_glass, uniq_grinder,
          uniq_blork_the_orc, uniq_prince_ribbit1
D:7:      minmay_opposing_rooms, layout_basic, grunt_temple_overflow_bloody_war
D:8:      layout_layer_cave, zin_statuary, nemelex_diamond_rough_becter,
          fedhas_altar_2, enter_bailey_7, uniq_harold, uniq_amaemon,
          uniq_maurice
D:9:      layout_loops_ring, erik_lair_orcish_takeover, uniq_psyche
D:10:     layout_irregular_city, nicolae_overflow_crystal_walls,
          zombieorc1_lemuel, uniq_fannar, uniq_erica
D:11:     layout_irregular_city, kennysheep_flooded_box
D:12:     layout_loops_ring, lemuel_flamethrower_2, uniq_urug
D:13:     layout_layer_cave, skrybe_vaults_entry_preservation
D:14:     minmay_cut_squares, layout_small_grid, minmay_stone_trees_small,
          uniq_nessos
D:15:     hangedman_depths_entry_try_elsewhere_first, layout_basic, serial_ice,
          serial_ice_i, serial_ice_c, serial_ice_o, serial_ice_f,
          kiku_gazebo_pond_becter
Temple:   nicolae_temple_figure_zero
Lair:1:   layout_cave_pods, dreamdust_gnoll_shepherd, uniq_sonja
Lair:2:   nzn_winding_woodlands_large [nzn_winding_woodlands_5x5_cross,
          nzn_winding_woodlands_5x15_sidewinder,
          nzn_winding_woodlands_5x5_checkerboard,
          nzn_winding_woodlands_center_triple_pond,
          nzn_winding_woodlands_15x15_thick_spiral,
          nzn_winding_woodlands_center_lodge, nzn_winding_woodlands_hourglass,
          nzn_winding_woodlands_5x15_default,
          nzn_winding_woodlands_5x5_open_star], layout_cave_pods,
          swamp_mist_pool, minmay_snake_entry_guardpost_small,
          serial_bayou_pond_d
Lair:3:   layout_hall_layers, grunt_megastairs_3
Lair:4:   layout_long_grid, st_stairs_13, pf_torpor_hydra, grunt_megastairs_2,
          serial_bayou_shore_b
Lair:5:   lemuel_slime, layout_loops_ring, slime_altar_2, uniq_kirke,
          uniq_josephine
Lair:6:   minmay_lair_end_enchanted_forest, layout_big_grid, lemuel_oklob_altar
Swamp:1:  layout_basic_swamp, evilmike_swamp_ruin_house_1, swamp_pool3,
          hangedman_swamp_ravenous
Swamp:2:  layout_falls_marsh, evilmike_swamp_ruin_house_4
Swamp:3:  layout_basic_swamp, gammafunk_ghost_cemetery, serial_swamp_ruin,
          evilmike_swamp_ruin_house_6, evilmike_swamp_ruin_house_3,
          infiniplex_staircase_pool
Swamp:4:  byrel_swamp_growth_death_and_undeath, layout_basic_swamp, uniq_roxanne
Orc:1:    layout_diamond_mine, mines2_david
Orc:2:    st_orc_town, layout_caves, special_room, roderic_batcave

Skill      XL: |  1  2  3  4  5  6  7  8  9 10 11 12 13 14 15 16 |
---------------+-------------------------------------------------+-----
Axes           | 2 3 4 5 6 8 9 10 11 12 13 | 13.2
Armour         | 3 4 5 6 7 8 9 10 11 12 13 | 13.4
Shields        | 3 4 5 6 7 8 9 10 11 12 13 | 13.4
Fighting       | 4 5 6 7 9 10 11 12 13 14 | 14.6
Invocations    | 7 10 12 14 15 16 | 16.9
Evocations     | 2 4 5 6 |  6.7

Action                   |  1- 3 |  4- 6 |  7- 9 | 10-12 | 13-15 | 16-18 || total
-------------------------+-------+-------+-------+-------+-------+-------++-------
Melee: War axe           |    75 |   119 |   351 |   983 |  1417 |   430 ||  3375
       Whip              |       |       |       |    34 |    10 |       ||    44
       Trident           |       |       |       |       |    57 |    37 ||    94
       Broad axe         |       |       |       |       |       |    91 ||    91
Throw: Dart              |       |     2 |     6 |    39 |    36 |    18 ||   101
       Stone             |       |     2 |    14 |       |       |       ||    16
       Javelin           |       |       |       |     1 |       |       ||     1
       Throwing net      |       |       |       |     5 |       |       ||     5
Invok: Upheaval          |       |       |       |     6 |    14 |     8 ||    28
       Disaster Area     |       |       |       |       |       |     1 ||     1
Evoke: Wand              |       |       |       |    14 |     1 |    11 ||    26
       Condenser vane    |       |       |       |     1 |     2 |       ||     3
       Lightning rod     |       |       |       |       |     4 |     8 ||    12
       Tin of tremorston |       |       |       |       |     2 |     3 ||     5
  Use: Scroll            |       |     8 |     4 |     6 |     3 |       ||    21
       Potion            |       |     1 |     2 |     8 |       |       ||    11
 Stab: Paralysed         |       |       |       |     7 |       |       ||     7
       Held in net/web   |       |       |       |     2 |       |       ||     2
       Petrifying        |       |       |       |       |     1 |       ||     1
       Distracted        |       |       |       |       |       |     4 ||     4
Armor: Chain mail        |    70 |    79 |    74 |       |       |       ||   223
       Plate armour      |       |       |   137 |   717 |   900 |   394 ||  2148
       Skin              |       |       |     4 |       |       |       ||     4
Dodge: Dodged            |    37 |    33 |    50 |   184 |   217 |   126 ||   647
       Repelled          |       |       |       |     1 |     3 |     4 ||     8
Block: Buckler           |    22 |    37 |    21 |       |       |       ||    80
       Tower shield      |       |       |   206 |  1447 |  2257 |   878 ||  4788

Table legend: (Time is in decaauts)
 A = Elapsed time spent in this place.
 B = Non-inter-level travel time spent in this place.
 C = Inter-level travel time spent in this place.
 D = Time resting spent in this place.
 E = Time spent auto-exploring this place.
 F = Levels seen in this place.
 G = Mean time per level.
                   A        B        C        D        E       F      G
               +--------+--------+--------+--------+--------+-----+--------+
         Total |  30175 |  27509 |   2666 |   1656 |  17340 |  29 | 1040.5 |
       Dungeon |  16893 |  15279 |   1614 |    965 |  10078 |  15 | 1126.2 |
        Temple |    171 |    160 |     11 |      0 |    154 |   1 |  171.0 |
          Lair |   7973 |   7293 |    680 |    240 |   4578 |   6 | 1328.8 |
         Swamp |   2575 |   2482 |     93 |    335 |   1389 |   4 |  643.8 |
  Orcish Mines |   1949 |   1681 |    268 |     86 |   1074 |   2 |  974.5 |
        Bailey |    611 |    611 |      0 |     29 |     67 |   1 |  611.0 |
               +--------+--------+--------+--------+--------+-----+--------+

Top non-repeatable levels by time:
  Lair:2: 1969 daAuts
    D:13: 1609 daAuts
     D:9: 1540 daAuts
     D:8: 1494 daAuts
  Lair:1: 1462 daAuts
  Lair:6: 1409 daAuts
    D:15: 1333 daAuts
    D:10: 1280 daAuts
   Orc:2: 1277 daAuts
     D:6: 1231 daAuts
    D:14: 1190 daAuts
     D:7: 1171 daAuts
  Lair:3: 1100 daAuts
  Lair:5: 1044 daAuts
     D:5: 996 daAuts
